Map: Overgrown Facility

Players

OpuS

  • Race: Protoss Protoss
  • Spawn Location: 1:00

Sketchaphone

  • Race: Zerg Zerg
  • Spawn Location: 3:00

AcidFalls - Winner!

  • Race: Protoss Protoss
  • League: Diamond
  • Spawn Location: 7:00

Marrow - Winner!

  • Race: Terran Terran
  • League: Platinum
  • Spawn Location: 9:00

VOD

Have the link to the VOD?

Description

Time

  • Played on: May 25, 2018, 9:24 p.m.
  • Length: 10:09
Show
View Real Time Build Order
Export as new Build Order

OpuS Protoss 

Build Orders: 1 Gate Expand 

Get SALT Encoding   

  12  0:00  Probe  
  13  0:13  Probe  
  14  0:22  Pylon  
  14  0:25  Probe  
  15  0:40  Probe  
  16  0:45  Gateway  
  16  0:52  Probe, Assimilator  
  17  1:04  Probe  
  18  1:13  Probe  
  19  1:21  Probe  
  20  1:31  Probe  
  20  1:34  Nexus  
  21  1:46  Probe, Cybernetics Core  
  22  1:54  Probe  
  22  1:57  Assimilator  
  23  2:03  Pylon  
  23  2:18  Stalker  
  22  2:28  Forge  
  24  2:38  Warp Gate  
  22  2:54  Probe  
  23  2:58  Probe  
  23  3:02  Stalker  
  26  3:13  Pylon  
  26  3:18  Gateway  
  26  3:20  Gateway  
  26  3:23  Gateway  
  27  3:27  Probe x2  
  28  3:37  Stalker  
  30  3:46  Pylon  
  30  3:47  Probe  
  31  3:49  Probe  
  32  4:03  Robotics Facility  
  32  4:09  Probe x2  
  34  4:20  Shield Battery  
  29  4:36  Probe x2  
  29  4:41  Pylon  
  28  4:56  Observer  
  28  4:58  Probe x2  
  31  5:04  Pylon  
  31  5:10  Probe x2  
  33  5:19  Observer  
  34  5:22  Probe x2  
  36  5:32  Stalker  
  36  5:34  Probe x2  
  40  5:39  Photon Cannon  
  40  5:46  Probe x2  
  40  5:47  Observer  
  43  6:04  Stalker, Pylon  
  43  6:05  Stalker  
  43  6:06  Stalker  
  46  6:20  Probe x2  
  48  6:27  Observer  
  49  6:37  Stalker x3  
  55  6:40  Stalker  
  55  6:43  Probe  
  52  7:05  Twilight Council  
  52  7:12  Probe  
  52  7:13  Probe  
  54  7:24  Probe  
  54  7:25  Probe  
  56  7:37  Probe x2  
  56  7:43  Photon Cannon  
  53  7:45  Photon Cannon  
  53  7:48  Photon Cannon  
Show
View Real Time Build Order
Export as new Build Order

Sketchaphone Zerg 

Build Orders: Pool First 

Get SALT Encoding   

  12  0:02  Drone  
  13  0:12  Overlord  
  13  0:18  Drone  
  14  0:31  Drone x2  
  16  0:36  Drone  
  17  0:49  Extractor  
  16  0:52  Spawning Pool  
  16  0:53  Drone  
  16  0:56  Drone  
  17  1:06  Drone  
  18  1:18  Overlord  
  18  1:33  Hatchery  
  17  1:41  Drone  
  17  1:46  Drone  
  19  1:50  Metabolic Boost  
  19  1:52  Drone  
  20  1:59  Queen  
  22  2:03  Drone  
  23  2:11  Overlord  
  23  2:28  Zergling x2  
  24  2:40  Queen  
  24  2:42  Hatchery  
  24  2:43  Drone  
  26  3:00  Queen  
  26  3:01  Drone x3  
  31  3:07  Zergling x2  
  31  3:10  Drone x2  
  34  3:15  Drone  
  34  3:17  Drone  
  36  3:20  Drone  
  36  3:25  Zergling x2  
  38  3:27  Drone  
  38  3:31  Drone  
  38  3:33  Pneumatized Carapace  
  39  3:44  Overlord  
  39  3:45  Overlord  
  39  3:57  Queen  
  39  3:58  Overlord  
  39  3:59  Overlord  
  41  4:03  Drone  
  41  4:04  Spine Crawler, Drone  
  42  4:10  Zergling x4  
  42  4:11  Zergling x2  
  45  4:28  Spore Crawler  
  45  4:29  Spore Crawler  
  43  4:33  Queen  
  45  4:38  Overlord  
  45  4:49  Overlord x2  
  45  4:52  Drone x5  
  50  4:53  Drone x5  
  50  4:54  Zergling x4  
  50  4:56  Drone  
  50  4:59  Drone  
  59  5:17  Overlord  
  59  5:18  Overlord  
  59  5:22  Hatchery, Extractor  
  59  5:24  Extractor  
  59  5:25  Lair, Extractor  
  59  5:26  Drone x2  
  59  5:28  Zergling x2  
  58  5:40  Overlord x3  
  58  5:41  Drone x2  
  58  5:42  Drone  
  56  6:14  Drone x4  
  56  6:17  Queen  
  63  6:18  Drone x2  
  63  6:19  Drone  
  63  6:25  Overlord x2, Zergling x6  
  68  6:41  Zergling x24  
  80  7:00  Drone x2  
  83  7:01  Overlord x2, Drone  
  83  7:02  Drone  
  83  7:03  Spore Crawler, Drone x2  
  83  7:08  Evolution Chamber  
  84  7:09  Evolution Chamber  
  84  7:11  Roach Warren  
  84  7:14  Hydralisk Den  
  81  7:18  Spore Crawler  
  81  7:19  Spore Crawler  
  81  7:21  Spore Crawler  
  78  7:23  Spore Crawler  
  78  7:25  Spore Crawler  
  78  7:26  Spore Crawler  
  75  7:32  Drone x3  
  75  7:36  Drone x2  
  75  7:37  Drone x3  
  68  8:11  Roach x5  
  68  8:12  Roach x3, Hydralisk  
  78  8:13  Glial Reconstitution  
  78  8:17  Drone x2  
  78  8:19  Drone  
  81  8:25  Zergling x8  
  85  8:27  Overlord  
  85  8:31  Roach  
  85  8:32  Roach x5  
  97  8:46  Roach, Hydralisk x2  
  97  8:47  Roach, Hydralisk x6  
  109  8:57  Roach  
  109  8:58  Roach x6  
  113  9:09  Hydralisk  
  97  9:10  Hydralisk x6  
  103  9:22  Zergling x16  
  99  9:28  Zergling x10  
  98  9:33  Roach  
  97  9:40  Overlord x2  
  97  9:41  Overlord  
Show
View Real Time Build Order
Export as new Build Order

AcidFalls Protoss - Winner!

Build Orders: 1 Gate Expand, Oracle Opening, Phoenix Opening 

Get SALT Encoding   

  12  0:01  Probe  
  13  0:14  Probe  
  14  0:22  Pylon  
  14  0:26  Probe  
  15  0:40  Probe  
  16  0:52  Probe, Gateway  
  16  0:54  Assimilator  
  17  1:05  Probe  
  18  1:19  Probe  
  19  1:26  Nexus  
  19  1:32  Probe  
  20  1:41  Cybernetics Core  
  20  1:49  Probe  
  20  1:52  Pylon  
  21  2:01  Probe  
  21  2:02  Assimilator  
  22  2:21  Probe  
  23  2:29  Stargate  
  23  2:33  Probe  
  24  2:39  Stalker  
  24  2:40  Probe  
  24  2:41  Probe  
  25  2:47  Pylon  
  25  2:51  Probe  
  29  2:59  Probe  
  29  3:04  Assimilator  
  30  3:06  Pylon, Probe  
  30  3:07  Oracle  
  34  3:27  Probe  
  34  3:28  Probe  
  36  3:35  Gateway  
  36  3:39  Probe, Stargate  
  36  3:40  Probe  
  38  3:44  Pylon  
  38  3:49  Phoenix  
  38  3:52  Probe  
  41  3:56  Probe  
  41  4:00  Assimilator  
  42  4:04  Probe  
  42  4:08  Probe  
  44  4:16  Probe  
  45  4:20  Probe  
  46  4:25  Nexus  
  46  4:44  Probe x2  
  48  4:49  Twilight Council  
  48  4:51  Gateway  
  48  4:54  Gateway  
  48  4:56  Probe x2  
  50  5:00  Sentry  
  50  5:01  Sentry  
  50  5:02  Warp Gate  
  50  5:03  Phoenix  
  50  5:05  Phoenix  
  58  5:08  Probe  
  59  5:19  Charge  
  59  5:20  Probe  
  59  5:21  Probe  
  61  5:24  Pylon  
  61  5:32  Probe  
  61  5:33  Probe  
  63  5:39  Phoenix  
  63  5:40  Phoenix  
  67  5:45  Probe x2  
  69  6:06  Probe  
  69  6:07  Probe  
  71  6:15  Probe  
  69  6:19  Probe x2  
  69  6:21  Zealot x3  
  69  6:22  Zealot  
  69  6:24  Phoenix x2  
  83  6:27  Probe  
  83  6:31  Probe  
  85  6:48  Forge  
  85  6:52  Probe x3, Fleet Beacon  
  88  6:55  Phoenix x2  
  92  7:05  Protoss Air Weapons Level 1  
  92  7:06  Probe  
  93  7:09  Assimilator  
  93  7:12  Pylon  
  93  7:13  Pylon  
  93  7:15  Assimilator  
  93  7:17  Pylon  
  93  7:19  Pylon  
  93  7:24  Probe x2  
  93  7:30  Probe  
  93  7:34  Zealot x4  
  93  7:36  Probe  
  115  7:57  Carrier  
  115  8:07  Carrier  
  115  8:09  Zealot  
  115  8:10  Zealot x3  
  115  8:11  Probe  
  115  8:12  Probe x2  
  124  8:23  Probe  
  124  8:26  Gateway x2  
  125  8:29  Gateway  
  125  8:36  Probe x2  
  123  8:43  Zealot  
  123  8:45  Pylon  
  125  8:52  Pylon  
  125  8:55  Pylon  
  123  9:00  Pylon  
  123  9:02  Pylon  
  117  9:05  Pylon  
  117  9:08  Assimilator  
  113  9:10  Phoenix  
  113  9:11  Nexus, Assimilator  
  113  9:15  Zealot x4  
  125  9:25  Zealot x2  
  125  9:26  Zealot  
  131  9:34  Phoenix  
Show
View Real Time Build Order
Export as new Build Order

Marrow Terran - Winner!

Build Orders:  

Get SALT Encoding   

  12  0:01  SCV  
  13  0:14  SCV  
  14  0:22  Supply Depot  
  14  0:26  SCV  
  15  0:43  SCV  
  15  0:48  Barracks  
  16  0:52  Refinery  
  16  0:57  SCV  
  17  1:09  SCV  
  18  1:21  SCV  
  19  1:36  Orbital Command  
  19  1:37  Barracks  
  19  1:38  Barracks  
  19  1:41  Reaper  
  20  2:02  SCV  
  20  2:06  Refinery  
  21  2:17  SCV  
  22  2:24  Supply Depot  
  22  2:25  Barracks Reactor  
  22  2:26  Barracks Tech Lab  
  22  2:28  Marine  
  23  2:45  SCV  
  24  2:57  Marine x2  
  24  2:58  SCV  
  27  3:09  Marine x2  
  27  3:11  Factory  
  29  3:23  Command Center  
  29  3:26  SCV  
  30  3:27  Marine  
  30  3:31  Stimpack  
  31  3:40  Engineering Bay  
  31  3:53  Supply Depot  
  31  4:02  Barracks Reactor  
  31  4:10  Starport  
  31  4:14  Marine x3, SCV  
  31  4:15  Terran Infantry Weapons Level 1  
  31  4:17  Supply Depot  
  35  4:27  Widow Mine  
  35  4:28  SCV  
  38  4:33  Marine  
  38  4:34  Marine  
  38  4:35  Marine  
  41  4:42  Supply Depot  
  41  4:45  Marine  
  42  4:47  Medivac  
  42  4:50  SCV  
  47  4:55  Orbital Command  
  47  4:58  Marine  
  46  5:06  Marine  
  47  5:12  SCV  
  48  5:17  Marine x2  
  48  5:20  Marine  
  51  5:23  SCV  
  51  5:24  SCV  
  53  5:32  Combat Shield  
  53  5:35  Marine x2, SCV  
  54  5:36  Medivac, SCV  
  54  5:39  Marine  
  60  5:55  Marine  
  60  5:56  Marine x3  
  64  5:57  SCV  
  64  5:58  SCV  
  64  6:02  Supply Depot  
  66  6:14  Marine  
  66  6:15  Marine  
  68  6:26  Marine x3  
  68  6:27  Medivac  
  68  6:32  Marine  
  73  6:37  Marine  
  73  6:39  Factory Reactor  
  75  6:44  Marine  
  74  6:58  Marine x4  
  78  7:04  Starport Reactor  
  78  7:08  Supply Depot  
  78  7:10  Terran Infantry Armor Level 1  
  78  7:13  Engineering Bay, Supply Depot  
  78  7:16  Armory  
  78  7:29  Marine x3, SCV x2  
  83  7:32  Supply Depot  
  83  7:36  Supply Depot  
  83  7:41  SCV x2  
  85  7:46  Marine x2  
  85  7:47  Marine  
  87  7:54  SCV  
  85  8:24  SCV  
  85  8:25  SCV  
  87  8:33  Marine x5  
  92  8:35  Medivac x2  
  92  8:37  SCV x2  
  92  8:38  Supply Depot  
  98  8:45  Supply Depot  
  98  8:47  Supply Depot  
  98  8:49  Supply Depot  
  98  8:50  Marine  
  98  8:51  Barracks, Marine x2  
  98  8:52  Barracks  
  98  8:53  Barracks  
  98  8:54  Barracks  
  101  9:11  Marine x3  
  101  9:12  Marine x2  
  103  9:29  Marine  
  99  9:34  Marine  
  99  9:35  Marine x3  
  99  9:36  Medivac x2  
  106  9:39  Hellion x2  
  106  9:47  Marine  
Tags
 
Add a new tag
Caveats
  • Supply blocks, unpowered buildings, or Contaminate may cause inaccurate times.
  • Supply counts are checked every 10 seconds.